 Dungeon Crawl Stone Soup version 0.20-a0-738-gb057e68 (webtiles) character file.

219 polly the Ducker (level 5, 0/39 HPs)
             Began as a Demonspawn Gladiator on Feb 24, 2017.
             Was an Initiate of Okawaru.
             Slain by a scorpion (8 damage)
             ... on level 5 of the Dungeon.
             The game lasted 00:04:28 (4394 turns).

polly the Ducker (Demonspawn Gladiator)             Turns: 4394, Time: 00:04:29

Health: 0/39       AC:  6    Str: 13 (15) XL:     5   Next: 64%
Magic:  11/14      EV: 13    Int:  8 (10) God:    Okawaru [......]
Gold:   189        SH:  0    Dex: 13 (14) Spells: 4/4 levels left

rFire    . . .     SeeInvis .     - Unarmed
rCold    . . .     Gourm    .   b - +0 leather armour
rNeg     . . .     Faith    .   (no shield)
rPois    .         Spirit   .   c - +0 helmet
rElec    .         Reflect  .   (no cloak)
rCorr    .         Harm     .   (no gloves)
MR       .....                  (no boots)
Stlth    +.........             (no amulet)
Regen    0.2/turn               (no ring)
MPRegen  0.2/turn               v - ring of magical power

@: lethally poisoned (0 -> -20), starving
A: claws 2, icy blue scales 1
a: Renounce Religion


You were on level 5 of the Dungeon.
You worshipped Okawaru.
Okawaru was noncommittal.
You were starving.

You visited 2 branches of the dungeon, and saw 6 of its levels.

You collected 189 gold pieces.

Inventory:

Armour
 b - a +0 leather armour (worn)
 c - a +0 helmet (worn)
Jewellery
 v - a ring of magical power (left claw)
Wands
 s - a wand of iceblast (11/15)
Scrolls
 a - 4 scrolls of identify {unknown}
 d - a scroll of recharging {unknown}
 i - 6 scrolls of remove curse {unknown}
 k - 2 scrolls of enchant weapon {unknown}
 n - a scroll of amnesia {unknown}
 q - 3 scrolls of teleportation {unknown}
 r - a scroll of enchant armour {unknown}
 t - 2 scrolls of immolation {unknown}
Potions
 e - a potion of curing {unknown}
 g - a potion of flight {unknown}
 j - a potion of cancellation {unknown}
 l - a potion of lignification {unknown}
 m - 3 potions of brilliance {unknown}
 o - a potion of degeneration
 p - a potion of invisibility {unknown}
 u - a potion of haste {unknown}
Comestibles
 f - 2 bread rations
 h - 3 royal jellies


   Skills:
 + Level 2.6 Fighting
   Level 3.0 Long Blades
 + Level 1.8 Throwing
 + Level 1.8 Armour
 + Level 3.4 Dodging
 + Level 0.2 Stealth
 * Level 3.2 Unarmed Combat


You had 4 spell levels left.
You didn't know any spells.

Dungeon Overview and Level Annotations

Branches:
Dungeon (5/15)             Temple (1/1) D:4

Altars:
Dithmenos
Elyvilon
Fedhas
Gozag
Hepliaklqana
Kikubaaqudgha
Makhleb
Nemelex Xobeh
Okawaru
Qazlal
Ru
Sif Muna
Trog
Uskayaw
Vehumet


Innate Abilities, Weirdness & Mutations

You have very sharp fingernails.
You are partially covered in icy blue scales. (AC +2)


Message History

You scratch the scorpion.
The scorpion is almost dead.
The scorpion barely misses you.
You barely miss the scorpion.
The scorpion is almost dead.
The scorpion stings you.
You are poisoned.
The scorpion poisons you!
You scratch the scorpion but do no damage.
The scorpion is almost dead.
You feel sick. The scorpion stings you.
* * * LOW HITPOINT WARNING * * *
You are lethally poisoned!
The scorpion poisons you!
It was a potion of degeneration.
There was something very wrong with that liquid.
You feel weakened.
You feel dopey.
You feel clumsy.
* * * LOW HITPOINT WARNING * * *
You feel sick. The scorpion stings you!
You die...

# ...#
#.#####.###
#./.......###
#....#......<.#
###. #.##.#.#.#
# #.##.#.#.###
.....#h....#
...####s###.#
...)# #@# .#
.....# #.# .
...... #.. ..
#... #.#.#
#.#.# #.#.# #.#
#


You could see a scorpion and a jackal.

Vanquished Creatures
  A bullfrog skeleton (D:4)
  Terence (D:2)
  An orc wizard (D:4)
  A gnoll (D:1)
  3 adders (D:3)
  2 oozes
  A worm (D:3)
  3 leopard geckos
  11 orcs
  5 bats
  7 giant cockroaches
  5 goblins
  7 hobgoblins
  6 jackals
  9 kobolds
  2 quokkas
  A ball python (D:1)
  3 frilled lizards
  A leopard gecko skeleton (D:4)
  10 rats
80 creatures vanquished.

Notes
Turn   | Place    | Note
-------+----------+-------------------------------------------
     0 | D:1      | polly the Demonspawn Gladiator began the quest for the Orb.
     0 | D:1      | Reached XP level 1. HP: 16/16 MP: 1/1
   190 | D:1      | Gained mutation: You have sharp fingernails. [demonic ancestry]
   190 | D:1      | Reached XP level 2. HP: 21/22 MP: 2/2
   752 | D:2      | HP: 1/22 [kobold/short sword (4)]
  1046 | D:1      | Reached XP level 3. HP: 27/27 MP: 3/3
  1180 | D:2      | Noticed Terence
  1190 | D:2      | Reached skill level 1 in Unarmed Combat
  1427 | D:2      | Killed Terence
  1427 | D:2      | Reached skill level 1 in Armour
  1427 | D:2      | Gained mutation: You are partially covered in icy blue scales. (AC +2) [demonic ancestry]
  1427 | D:2      | Reached XP level 4. HP: 15/34 MP: 4/4
  1608 | D:2      | Found a stormy altar of Qazlal.
  1840 | D:3      | Found a sparkling altar of Nemelex Xobeh.
  2075 | D:3      | Found a blossoming altar of Fedhas.
  2322 | D:3      | Gained mutation: You have very sharp fingernails. [demonic ancestry]
  2322 | D:3      | Reached XP level 5. HP: 38/39 MP: 5/5
  3134 | D:4      | Found a staircase to the Ecumenical Temple.
  3243 | Temple   | Entered the Ecumenical Temple
  3335 | Temple   | Became a worshipper of Warmaster Okawaru
  4342 | D:5      | Entered Level 5 of the Dungeon
  4394 | D:5      | Slain by a scorpion

Vault maps used:
D:1:      ncdulo_lavacross, hangedman_decor_clover_reticule, corner_web_ring
D:2:      grunt_qazlal_clouds, uniq_terence
D:3:      lemuel_doored_altar, overflow_temple_1_default,
          kennysheep_big_empty_room
D:4:      temple_green
D:5:      overflow_temple_1_default, gammafunk_temple_overflow_forgotten,
          first_bread, serial_shops, nicolae_shop_behind_doors,
          nemelex_diamond_rough_becter
Temple:   minmay_temple_forest_path

Skill      XL: |  1  2  3  4  5 |
---------------+----------------+-----
Long Blades    | 3 |  3.0
Dodging        | 3 |  3.4
Unarmed Combat | 1 2 3 |  3.2
Armour         | 1 |  1.8
Fighting       | |  2.6
Throwing       | |  1.8
Stealth        | |  0.2

Action                   |  1- 3 |  4- 6 || total
-------------------------+-------+-------++-------
Melee: Long sword        |    18 |       ||    18
       Unarmed           |   127 |   178 ||   305
       Punch             |       |     2 ||     2
Throw: Throwing net      |     3 |       ||     3
  Use: Potion            |       |     1 ||     1
 Stab: Held in net/web   |     2 |       ||     2
       Sleeping          |       |     1 ||     1
  Eat: Chunk             |     1 |     8 ||     9
Armor: Leather armour    |    49 |    59 ||   108
Dodge: Dodged            |   119 |   119 ||   238
       Rpst.: Long sword |     5 |       ||     5
